 Dungeon Crawl Stone Soup version 0.30-a0-311-gf115ab0292 (webtiles) character file.

Game seed: 14129665719141712089

27068 purpskrrrp the Brawler (level 13, -3/121 HPs)
             Began as a Troll Fighter on Oct 25, 2022.
             Was a High Priest of Wu Jian.
             Slain by a salamander
             ... wielding a +1 halberd
              (24 damage)
             ... on level 2 of the Abyss.
             The game lasted 00:30:00 (11436 turns).

purpskrrrp the Brawler (Troll Fighter)             Turns: 11436, Time: 00:30:00

Health: -3/121     AC:  8    Str: 35    XL:     13   Next: 2%
Magic:  12/12      EV:  8    Int:  2    God:    Wu Jian [*****.]
Gold:   340        SH: 27    Dex: 15    Spells: 12/12 levels left

rFire   . . .      SeeInvis .      - Unarmed
rCold   . . .      Faith    .    m - +10 tower shield of Ignorance {rN+ Int-4}
rNeg    + . .      Spirit   .    a - +1 robe
rPois   .          Reflect  .    S - +0 hat "Miob" {Dex+6}
rElec   .          Harm     .    d - +2 cloak
rCorr   .          Rampage  .    (gloves unavailable)
Will    .....                    (boots unavailable)
Stlth   +.........               e - amulet of regeneration
HPRegen 2.00/turn                z - +6 ring of strength
MPRegen 0.13/turn                G - +4 ring of slaying

@: lethally poisoned (-3 -> -4)
A: large, unfitting armour, claws 3, regeneration 1, shaggy fur 1, tough skin 1,
robust 1, screaming 1
a: Renounce Religion, Wall Jump, Serpent's Lash, Heavenly Storm


You were on level 2 of the Abyss.
You worshipped Wu Jian.
Wu Jian was extremely pleased with you.
You visited 2 branches of the dungeon, and saw 15 of its levels.
You visited the Abyss 1 time.

You collected 1047 gold pieces.
You spent 707 gold pieces at shops.

Inventory:

Hand Weapons
 O - a +3 arbalest of flaming
 R - the +7 arbalest of Foimyackanu {speed, Int+3 SInv}
   (You bought it in a shop on level 12 of the Dungeon)

   Attacks with this weapon are significantly faster.
   Int:       It affects your intelligence (+3).
   SInv:      It lets you see invisible.
Missiles
 u - 4 throwing nets (quivered)
 B - 2 curare-tipped darts
Armour
 a - a +1 robe (worn)
 b - a +2 kite shield
 d - a +2 cloak (worn)
 m - the +10 tower shield of Ignorance (worn) {rN+ Int-4}
   (You acquired it on level 5 of the Dungeon)

   Int:       It affects your intelligence (-4).
   rN:        It protects you from negative energy.
 S - the +0 hat "Miob" (worn) {Dex+6}
   (You bought it in a shop on level 12 of the Dungeon)

   Dex:       It affects your dexterity (+6).
Jewellery
 e - an amulet of regeneration (around neck)
 g - a +4 ring of evasion
 j - a +6 ring of strength
 p - a ring of positive energy
 w - a ring of resist corrosion
 x - a +4 ring of protection
 z - a +6 ring of strength (left claw)
 D - a ring of magical power
 F - a ring of protection from fire
 G - a +4 ring of slaying (right claw)
 K - a +4 ring of protection
 L - a ring of wizardry
 M - an amulet of guardian spirit
Wands
 n - a wand of flame (33)
 o - a wand of quicksilver (13)
 t - a wand of charming (7)
 y - a wand of digging (5)
 E - a wand of roots (10)
Scrolls
 h - 4 scrolls of teleportation
 r - 3 scrolls of butterflies
 A - 3 scrolls of amnesia
 H - 2 scrolls of silence
 I - 2 scrolls of enchant weapon
 P - 3 scrolls of identify
 Q - a scroll of fear
 U - a scroll of summoning
Potions
 c - 2 potions of might
 f - 2 potions of haste
 i - a potion of mutation
 k - 4 potions of curing
 l - 2 potions of resistance
 q - a potion of degeneration
 s - 2 potions of heal wounds
 v - 6 potions of magic
 C - 6 potions of brilliance
 J - 2 potions of cancellation
 T - a potion of attraction {unknown}


   Skills:
 - Level 2.4 Fighting
 - Level 2.4 Dodging
 + Level 12.2 Shields
 * Level 17.9 Unarmed Combat


You had 12 spell levels left.
You didn't know any spells.
Your spell library contained the following spells:

 Spells                   Type           Power      Damage    Failure   Level
 Necrotise                Necr           0%         1d4       91%         1
 Summon Small Mammal      Summ           0%         N/A       91%         1
 Call Canine Familiar     Summ           0%         N/A       100%        3
 Summon Guardian Golem    Hex/Summ       0%         N/A       100%        3
 Tukima's Dance           Hex            0%         N/A       100%        3
 Vampiric Draining        Necr           0%         2d6       100%        3
 Passage of Golubria      Tloc           0%         N/A       100%        4
 Agony                    Necr           0%         N/A       100%        5
 Yara's Violent Unravell  Hex/Tmut       0%         3d3       100%        5


Dungeon Overview and Level Annotations

Branches:
Dungeon (14/15)            Temple (1/1) D:4            Lair (0/5) D:8
    Orc (0/2) D:9
 Vaults: D:13-14

Altars:
Ashenzari
Cheibriados
Dithmenos
Elyvilon
Fedhas
Gozag
Hepliaklqana
Kikubaaqudgha
Makhleb
Nemelex Xobeh
Okawaru
Qazlal
Ru
Sif Muna
Trog
Uskayaw
Vehumet
Wu Jian
Xom
Yredelemnul
Zin
The Shining One

Shops:
D:2 *   D:12 ?([   D:13 ?

Portals:
Abyss: D:3
Trove: D:13 (give +3 shadow dragon scales)

Annotations:
D:3 2 transporters, glaedl's ghost, amateur OpCj
D:9 Psyche


Innate Abilities, Weirdness & Mutations

You are too large for most types of armour.
You have claws for hands.
Your natural rate of healing is unusually fast.
You are covered in fur. (AC +1)
You have tough skin. (AC +1)
You are robust. (+10% HP)
You occasionally shout uncontrollably at your foes.


Message History

You barely miss the small abomination.
The small abomination is moderately damaged.
You block the small abomination's attack.
You closely miss the small abomination.
The small abomination is moderately damaged.
You block the small abomination's attack.
You claw the small abomination!
The small abomination is severely damaged.
The salamander hits you from afar with a +1 halberd!
You are engulfed in flames!
You block the small abomination's attack.
You mangle the small abomination!!
You destroy the small abomination!
The Council accepts your kill. You block the salamander's attack.
A smoke demon comes into view.
You lunge at the naga warrior.
You barely miss the naga warrior.
The smoke demon roars!
You block the salamander's attack.
A lurking horror comes into view.
You mangle the salamander!!
The salamander is heavily wounded.
You block the naga warrior's attack. x2
The salamander hits you with a +1 halberd!!
You are engulfed in flames!
You closely miss the salamander.
The salamander is heavily wounded.
You block the naga warrior's attack. x2
The salamander hits you with a +1 halberd!!
* * * LOW HITPOINT WARNING * * *
You are engulfed in flames!
* * * LOW HITPOINT WARNING * * *
You closely miss the salamander.
The salamander is heavily wounded.
The naga warrior spits poison at you. The splash of poison hits you.
You are poisoned.
* * * LOW HITPOINT WARNING * * *
The salamander hits you with a +1 halberd!!
You die...

#.#.# .. ...# ..
.#.## * .#
#.##...## #.. . #
#.......#.. . #.#
#.##.#..#.3#... .
###.#.#.#.N......
#....#..##†@NW.#
##. #......##.##
# . #.####### # #
#. #. # .# #. . .
.. # #. ###.W#...
# #. #.# . .## #
.#x.# #. # #..
.p.#


You could see a naga warrior (catching breath), a salamander (strong), a smoke
demon, a wraith and a lurking horror.

Vanquished Creatures
  A vault guard (D:13)
  Harold (D:9)
  6 centaur warriors
  2 two-headed ogres
  A swamp dragon (shapeshifter) (D:13)
  Pikel (D:9)
  A deep elf pyromancer (D:13)
  An ugly thing (D:12)
  3 cyclopes
  A worldbinder (Abyss:2)
  2 manticores
  Maurice (D:13)
  2 gargoyles
  A rust devil (Abyss:2)
  A guardian serpent (Abyss:2)
  A freezing wraith (D:14)
  2 unseen horrors
  A wolf spider simulacrum (D:13)
  4 trolls
  Prince Ribbit (D:9)
  A hornet (D:9)
  3 shadows
  6 wraiths
  A wyvern (D:9)
  A steam dragon (D:8)
  8 vampire mosquitoes (D:13)
  33 yaks
  3 wargs (D:8)
  2 acid dragons
  3 water moccasins
  5 orc warriors
  An ogre (D:6)
  12 centaurs
  A lemure (D:9)
  2 kobold brigands
  2 small abominations (Abyss:2)
  5 bullfrogs
  3 necrophages
  A scorpion (D:5)
  2 gnoll sergeants (D:9)
  12 wights
  A vampire bat (D:3)
  An electric eel (D:10)
  10 howler monkeys
  A jelly (D:8)
  5 hounds
  7 orc priests
  4 iguanas
  Natasha (thrice) (D:2)
  8 orc wizards
  14 gnolls
  5 adders
  2 shadow imps
  A white imp (D:8)
  A worm (D:2)
  3 dart slugs
  3 fire bats (D:3)
  55 orcs
  2 spectral bats (D:3)
  7 ball pythons
  14 bats
  3 bat skeletons (D:3)
  A bat zombie (D:3)
  9 endoplasms
  A giant cockroach (D:3)
  7 goblins
  6 hobgoblins
  4 jackals
  3 quokkas
  A bat simulacrum (D:3)
  13 kobolds
336 creatures vanquished.

Vanquished Creatures (collateral kills)
  2 yaks (D:8)
2 creatures vanquished.

Vanquished Creatures (others)
  An orc priest (D:9)
  2 orcs (D:9)
  4 plants
7 creatures vanquished.

Grand Total: 345 creatures vanquished

Notes
Turn   | Place    | Note
-------+----------+-------------------------------------------
     0 | D:1      | purpskrrrp the Troll Fighter began the quest for the Orb.
     0 | D:1      | Reached XP level 1. HP: 22/22 MP: 0/0
    44 | D:1      | Found a faded altar of an unknown god.
   276 | D:1      | Reached XP level 2. HP: 29/29 MP: 1/1
   847 | D:1      | Prayed at the altar of an unknown god.
   847 | D:1      | Became a worshipper of Sif Muna the Loreminder
   847 | D:1      | Reached * piety under Sif Muna
   848 | D:1      | Fell from the grace of Sif Muna
  1040 | D:2      | Noticed Natasha
  1044 | D:2      | Killed Natasha
  1045 | D:2      | Reached skill level 3 in Unarmed Combat
  1045 | D:2      | Reached XP level 3. HP: 32/36 MP: 2/2
  1054 | D:2      | Reached XP level 4. HP: 44/44 MP: 3/3
  1167 | D:2      | Reached skill level 4 in Unarmed Combat
  1178 | D:2      | Noticed Natasha
  1184 | D:2      | Killed Natasha
  1385 | D:2      | Found Piedim's General Store.
  1412 | D:2      | Noticed Natasha
  1418 | D:2      | Killed Natasha
  1419 | D:2      | Reached XP level 5. HP: 47/50 MP: 4/4
  1864 | D:3      | Reached skill level 5 in Unarmed Combat
  1917 | D:3      | Found a transporter.
  1929 | D:3      | Found a transporter.
  1958 | D:3      | Noticed an ancient zyme
  1962 | D:3      | Found a one-way gate to the infinite horrors of the Abyss.
  2036 | D:3      | Reached XP level 6. HP: 58/59 MP: 0/5
  2442 | D:3      | Noticed glaedl's ghost (amateur OpCj)
  2661 | D:4      | Found a staircase to the Ecumenical Temple.
  2876 | D:4      | Found a shadowy altar of Dithmenos.
  2993 | Temple   | Entered the Ecumenical Temple
  3149 | Temple   | Became a worshipper of the Wu Jian Council
  3194 | D:5      | Entered Level 5 of the Dungeon
  3241 | D:5      | Reached skill level 6 in Unarmed Combat
  3306 | D:5      | Reached XP level 7. HP: 58/66 MP: 6/6
  3337 | D:5      | Reached skill level 5 in Shields
  3359 | D:5      | Found a glowing silver altar of Zin.
  3360 | D:5      | Found a hide-covered altar of Uskayaw.
  3362 | D:5      | Reached skill level 7 in Unarmed Combat
  3363 | D:5      | Found a sparkling altar of Nemelex Xobeh.
  3363 | D:5      | Found a hazy altar of Hepliaklqana.
  3368 | D:5      | Found a snail-covered altar of Cheibriados.
  3369 | D:5      | Found a shimmering blue altar of Sif Muna.
  3391 | D:5      | Found a burning altar of Makhleb.
  3699 | D:5      | Identified a scroll of acquirement
  3699 | D:5      | Acquired the +10 tower shield of Ignorance {rN+ Int-4}
  3699 | D:5      | Found the +10 tower shield of Ignorance {rN+ Int-4}
  3871 | D:5      | Found a white marble altar of Elyvilon.
  3974 | D:6      | Reached XP level 8. HP: 67/74 MP: 7/7
  3980 | D:6      | Reached skill level 8 in Unarmed Combat
  3982 | D:6      | Noticed a manticore
  4144 | D:6      | Killed a manticore
  4145 | D:6      | Reached skill level 9 in Unarmed Combat
  4182 | D:6      | Reached * piety under Wu Jian
  4347 | D:6      | Found a shimmering altar of Xom.
  4880 | D:7      | Found a stormy altar of Qazlal.
  5016 | D:7      | Reached XP level 9. HP: 72/80 MP: 8/8
  5019 | D:7      | Reached skill level 10 in Unarmed Combat
  5621 | D:8      | Reached skill level 11 in Unarmed Combat
  5741 | D:8      | Reached ** piety under Wu Jian
  5953 | D:8      | Found a staircase to the Lair.
  5976 | D:8      | Was forgiven by Sif Muna
  5977 | D:8      | Reached XP level 10. HP: 58/88 MP: 9/9
  5993 | D:8      | Reached skill level 12 in Unarmed Combat
  6626 | D:8      | Found an ancient bone altar of Kikubaaqudgha.
  6818 | D:8      | Gained mutation: You are frail. (-10% HP) [potion of
                  | mutation]
  6818 | D:8      | Gained mutation: You occasionally shout uncontrollably at
                  | your foes. [potion of mutation]
  6819 | D:8      | Lost mutation: You are frail. (-10% HP) [potion of
                  | mutation]
  6819 | D:8      | Lost mutation: You occasionally shout uncontrollably at
                  | your foes. [potion of mutation]
  6819 | D:8      | Gained mutation: You occasionally shout uncontrollably at
                  | your foes. [potion of mutation]
  6819 | D:8      | Gained mutation: You are robust. (+10% HP) [potion of
                  | mutation]
  6872 | D:9      | Noticed a two-headed ogre
  6884 | D:9      | Killed a two-headed ogre
  6887 | D:9      | Noticed Pikel
  6898 | D:9      | Killed Pikel
  6905 | D:9      | Reached skill level 13 in Unarmed Combat
  6972 | D:9      | Noticed Harold
  6981 | D:9      | Killed Harold
  7032 | D:9      | Reached *** piety under Wu Jian
  7056 | D:9      | Found a staircase to the Orcish Mines.
  7056 | D:9      | Noticed Psyche
  7267 | D:9      | Noticed Prince Ribbit
  7294 | D:9      | Killed Prince Ribbit
  7350 | D:8      | Reached XP level 11. HP: 103/103 MP: 10/10
  7383 | D:9      | Reached skill level 14 in Unarmed Combat
  7396 | D:9      | Reached **** piety under Wu Jian
  7745 | D:9      | Paralysed by a hornet for 3 turns
  8125 | D:10     | Entered Level 10 of the Dungeon
  8145 | D:10     | Reached skill level 10 in Shields
  8188 | D:10     | Reached skill level 15 in Unarmed Combat
  9013 | D:11     | Noticed a two-headed ogre
  9019 | D:11     | Killed a two-headed ogre
  9207 | D:11     | Found Myhik's Magic Scroll Shoppe.
  9266 | D:11     | Reached ***** piety under Wu Jian
  9267 | D:11     | Reached XP level 12. HP: 98/114 MP: 11/11
  9350 | D:11     | Reached skill level 16 in Unarmed Combat
  9591 | D:12     | Found Puiqeddo's Magic Scroll Shop.
  9635 | D:12     | Bought a scroll of blinking for 97 gold pieces
  9852 | D:12     | Found Imopol's Antique Weapon Shoppe.
  9862 | D:12     | Bought a transparent arbalest for 304 gold pieces
  9862 | D:12     | Identified the +7 arbalest of Foimyackanu {speed, Int+3
                  | SInv} (You bought it in a shop on level 12 of the Dungeon)
  9863 | D:12     | Found Gips's Armour Emporium.
  9876 | D:12     | Bought the +0 hat "Miob" {Dex+6} for 306 gold pieces
 10107 | D:13     | Noticed a centaur warrior
 10113 | D:13     | Killed a centaur warrior
 10154 | D:13     | Noticed Maurice
 10167 | D:13     | Killed Maurice
 10318 | D:13     | Noticed a centaur warrior
 10326 | D:13     | Killed a centaur warrior
 10358 | D:13     | Reached skill level 17 in Unarmed Combat
 10475 | D:13     | Found Ceify's Magic Scroll Shop.
 10580 | D:13     | Noticed a centaur warrior
 10592 | D:13     | Killed a centaur warrior
 10718 | D:13     | Noticed a centaur warrior
 10728 | D:13     | Killed a centaur warrior
 10854 | D:13     | Noticed a centaur warrior
 10860 | D:13     | Killed a centaur warrior
 10881 | D:13     | Found a portal to a secret trove of treasure.
 11190 | D:14     | Noticed a centaur warrior
 11196 | D:14     | Killed a centaur warrior
 11230 | D:14     | Noticed a two-headed ogre
 11231 | D:14     | Noticed a vault guard
 11231 | D:14     | Noticed a vault guard
 11290 | D:13     | Killed a vault guard
 11335 | D:14     | Noticed a vault guard
 11335 | Abyss:2  | Cast into level 2 of the Abyss (a wizard)
 11369 | Abyss:2  | Noticed a daeva
 11423 | Abyss:2  | Reached XP level 13. HP: 115/121 MP: 12/12
 11436 | Abyss:2  | Slain by a salamander

Illustrated notes

Levels and vault maps discovered:
D:1:      tarquinn_simple_flora_water_c, layout_basic,
          chequers_ecumenical_altar_island
D:2:      layout_loops_ring, serial_shops, nicolae_square_shop, uniq_natasha
D:3:      cheibrodos_greedy_goblins, layout_rooms,
          gammafunk_ghost_abyssal_escape, goddamned_bats
D:4:      layout_rooms, mainiacjoe_overflow_brackets,
          minmay_temple_entry_gardened_gates
D:5:      layout_loops_ring, mainiacjoe_overflow_six_doors_small,
          grunt_temple_overflow_open, kennysheep_mini_moat
D:6:      layout_basic, kennysheep_little_box, minivault_24
D:7:      layout_loops_cross, mainiacjoe_overflow_boulevard
D:8:      layout_layer_cave, mainiacjoe_overflow_alcove_4,
          erik_lair_orcish_takeover
D:9:      minmay_bubble_buster, layout_loops_ring, hiddenorc2_lemuel,
          uniq_psyche, uniq_harold, uniq_prince_ribbit1, uniq_pikel
D:10:     layout_basic, minivault_26, eino_small_chamber_without_monster
D:11:     layout_basic, serial_shops, shop, minmay_misc_feat_iff
D:12:     layout_cave_pools, serial_shops, nicolae_shop_hallway_plus, shop,
          nicolae_shop_overgrown_old_shop
D:13:     layout_basic, enter_trove_2, serial_shops, shop, uniq_maurice
D:14:     layout_loops_cross, lightli_vaults_fourway_checkpoint,
          elyvilon_altar_5, led_sif_pool, uniq_josephine
Temple:   cyrus_temple_forest
Abyss:2:  base: D:12, minivault_22, minivault_22,
          guppyfry_abyss_exit_glass_guarded

Skill      XL: |  1  2  3  4  5  6  7  8  9 10 11 12 |
---------------+-------------------------------------+-----
Shields        | 3 4 5 6 8 9 10 12 | 12.2
Unarmed Combat | 3 4 5 6 7 9 11 13 15 17 | 17.9
Fighting       | |  2.4
Dodging        | |  2.4

Action                   |  1- 3 |  4- 6 |  7- 9 | 10-12 | 13-15 || total
-------------------------+-------+-------+-------+-------+-------++-------
Melee: Unarmed           |    61 |   174 |   177 |   508 |    14 ||   934
Throw: Dart              |       |       |       |     9 |       ||     9
       Throwing net      |       |       |       |     4 |       ||     4
Invok: Renounce Religion |     1 |       |       |       |       ||     1
       Lunge             |       |     2 |    10 |    38 |     1 ||    51
       Whirlwind         |       |       |     2 |     3 |       ||     5
  Use: Scroll            |     5 |     8 |     6 |    12 |       ||    31
       Potion            |       |       |       |     3 |       ||     3
 Stab: Distracted        |       |       |       |     1 |       ||     1
Armor: Robe              |    21 |    34 |    24 |    68 |     1 ||   148
       Skin              |       |       |       |     3 |       ||     3
Dodge: Dodged            |    28 |    80 |    49 |    56 |     1 ||   214
Block: Kite shield       |    23 |    70 |    34 |       |       ||   127
       Tower shield      |       |       |    92 |   515 |    15 ||   622

Table legend: (Time is in decaauts)
 A = Elapsed time spent in this place.
 B = Non-inter-level travel time spent in this place.
 C = Inter-level travel time spent in this place.
 D = Time resting spent in this place.
 E = Time spent auto-exploring this place.
 F = Levels seen in this place.
 G = Mean time per level.
                   A        B        C        D        E       F      G
               +--------+--------+--------+--------+--------+-----+--------+
         Total |  11470 |  10671 |    799 |    779 |   7509 |  16 |  716.9 |
       Dungeon |  11185 |  10386 |    799 |    779 |   7428 |  14 |  798.9 |
        Temple |    185 |    185 |      0 |      0 |     48 |   1 |  185.0 |
         Abyss |     98 |     98 |      0 |      0 |     33 |   1 |   98.0 |
               +--------+--------+--------+--------+--------+-----+--------+

Top non-repeatable levels by time:
     D:8: 1503 daAuts
     D:9: 1111 daAuts
    D:13: 1068 daAuts
     D:1: 1044 daAuts
     D:3: 943 daAuts
    D:10: 892 daAuts
     D:5: 877 daAuts
     D:6: 759 daAuts
     D:7: 697 daAuts
     D:2: 617 daAuts
    D:11: 573 daAuts
    D:12: 514 daAuts
     D:4: 422 daAuts
  Temple: 185 daAuts
    D:14: 159 daAuts
